Cogmind - Beta 13 @@@ ROGUE MODE // 2024.04.22 @ 21:17:19 Player: satan5 Result: Destroyed by S-27 Virus with Autogun Performance ------------- Evolutions (6) 3000 Regions Visited (25) 5000 Robots Destroyed (301) 1505 Value Destroyed (8642) 8642 Prototype IDs (43) 860 Alien Tech Used (2) 400 Bonus (2497) 2497 TOTAL SCORE: 21904 Bonus ------- High Alert Combat Kills 1164 Follower Combat Kills 1020 Met Data Miner 300 Met Zhirov 300 Friendly Fire -287 Cogmind --------- Core Integrity 0/1150 Matter 293/300 Energy 95/100 System Corruption 5% Temperature Cool (0) Movement Core (100) Ox1 Location -4/Upper Caves Parts ------- > --- POWER (2) -------- (None) > --- PROPULSION (6) --- (None) > --- UTILITY (10) ----- Advanced Signal Interpreter Advanced Terrain Scan Processor Advanced Terrain Scan Processor Improved Target Analyzer Improved Hacking Suite Makeshift System Shield Improved System Shield > --- WEAPON (2) ------- Thunder Hammer > --- INVENTORY (5) ---- Advanced Trap Extractor (0/8) Assault Drone Bay (0/2) Beamcaster Peak State ------------ > --- POWER ------------ Micro Nuclear Core Light Antimatter Reactor > --- PROPULSION ------- Cooled Nuclear Pulse Thruster Cooled Nuclear Pulse Thruster Nuclear Pulse Array Nuclear Pulse Array > --- UTILITY ---------- Medium Storage Unit Advanced Signal Interpreter Advanced Terrain Scan Processor Advanced Terrain Scan Processor Advanced Melee Analysis Suite Improved Hacking Suite Makeshift System Shield Advanced System Shield Assault Drone Bay > --- WEAPON ----------- Force Lance > --- INVENTORY -------- Light Antimatter Reactor Nuclear Pulse Array Long-range Sensor Array Improved Transmission Jammer Improved Hacking Suite Improved System Restoration Module Advanced Trap Extractor Thunder Hammer [Rating: 111] Favorites ----------- Power Makeshift Power Source Engine Makeshift Power Source Power Core Light Nuclear Core Reactor Light Antimatter Reactor Propulsion Armored Treads Treads Armored Treads Leg Aluminum Leg Wheel Armored Huge Wheel Hover Unit Improved Airjet Flight Unit Cooled VTOL Module Utility Hacking Suite Device Active Sensor Suite Storage Medium Storage Unit Processor Advanced Targeting Computer Hackware Hacking Suite Protection Improved Core Shielding Weapon Advanced Assault Cannon Energy Gun Improved Heavy Laser Energy Cannon Particle Cannon Ballistic Gun Enhanced Autogun Ballistic Cannon Advanced Assault Cannon Launcher Advanced EMP Blaster Impact Weapon Thunder Hammer Slashing Weapon Makeshift Sword Piercing Weapon Force Lance Special Melee Weapon Improved Datajack Build | -11 -10 -9 -8 -8 -7 -7 -7 -7 -6 -6 -6 -6 -6 -5 -5 -5 -5 -5 -5 -5 -4 -4 -4 -4 -4 ------- Run | Yrd Mat Mat Mat Sto Fac Low Low Zio Pro Fac Low Low Dat Pro Fac Was Fac Upp Upp Zhi Pro Fac Was Fac Upp Slots Evolved 12 | . . 2 2 . 2 . . . . 2 . . . . 2 . . . . . . 2 . . . Power 1 | . . . . . . . . . . 1 . . . . . . . . . . . . . . . Propulsion 4 | . . 2 . . 1 . . . . 1 . . . . . . . . . . . . . . . Utility 7 | . . . 2 . 1 . . . . . . . . . 2 . . . . . . 2 . . . Weapon . | . . . . . . . . . . . . . . . . . . . . . . . . . . Parts Attached 354 | 8 14 26 36 31 61 1 4 5 2 21 5 8 . . 10 1 42 4 5 7 . 21 . 38 4 Power 53 | 1 3 4 3 4 11 1 . . . 5 . . . . 1 1 4 1 1 2 . 6 . 5 . Engine 35 | 1 3 2 2 2 4 1 . . . 5 . . . . 1 . 4 1 1 1 . 5 . 2 . Core 15 | . . 2 1 2 7 . . . . . . . . . . 1 . . . . . 1 . 1 . Reactor 3 | . . . . . . . . . . . . . . . . . . . . 1 . . . 2 . Propulsion 87 | 2 5 11 13 11 13 . . . . 3 . 3 . . 1 . 9 1 . . . 7 . 8 . Treads 46 | 2 5 10 10 10 6 . . . . . . . . . . . . . . . . . . 3 . Leg 2 | . . . 2 . . . . . . . . . . . . . . . . . . . . . . Wheel 4 | . . . 1 1 2 . . . . . . . . . . . . . . . . . . . . Hover 1 | . . . . . . . . . . . . . . . . . 1 . . . . . . . . Flight 34 | . . 1 . . 5 . . . . 3 . 3 . . 1 . 8 1 . . . 7 . 5 . Utility 116 | 2 1 7 8 4 20 . 2 2 . 7 2 2 . . 7 . 20 1 2 4 . 5 . 18 2 Device 79 | 1 . 4 3 3 13 . 1 1 . 6 1 2 . . 5 . 17 1 1 3 . 3 . 13 1 Storage 10 | 1 1 3 2 1 1 . . . . . 1 . . . . . . . . . . . . . . Processor 10 | . . . 2 . 1 . . . . . . . . . . . 2 . 1 . . 1 . 2 1 Hackware 15 | . . . . . 5 . . 1 . 1 . . . . 2 . 1 . . 1 . 1 . 3 . Protection 2 | . . . 1 . . . 1 . . . . . . . . . . . . . . . . . . Artifact . | . . . . . . . . . . . . . . . . . . . . . . . . . . Weapon 98 | 3 5 4 12 12 17 . 2 3 2 6 3 3 . . 1 . 9 1 2 1 . 3 . 7 2 Energy Gun 9 | 2 . . 2 2 3 . . . . . . . . . . . . . . . . . . . . Energy Cannon 6 | . 2 2 1 . 1 . . . . . . . . . . . . . . . . . . . . Ballistic Gun 23 | 1 2 2 7 7 4 . . . . . . . . . . . . . . . . . . . . Ballistic Cannon 7 | . . . . . 6 . . . . . 1 . . . . . . . . . . . . . . Launcher 11 | . . . 1 3 1 . . 1 1 1 1 . . . . . 2 . . . . . . . . Special Weapon . | . . . . . . . . . . . . . . . . . . . . . . . . . . Impact Weapon 11 | . 1 . . . . . . . . 1 . . . . . . 3 1 . . . 1 . 2 2 Slashing Weapon 11 | . . . . . 2 . 1 . . 2 1 2 . . . . 3 . . . . . . . . Piercing Weapon 7 | . . . . . . . . 1 1 . . . . . . . 1 . 1 . . . . 3 . Special Melee Weapon 13 | . . . 1 . . . 1 1 . 2 . 1 . . 1 . . . 1 1 . 2 . 2 . Unidentified Prototypes 22 | . . 1 3 2 3 1 . 1 . 5 1 . . . . . 3 . . 2 . . . . . Corrupted Parts 1 | . . . . 1 . . . . . . . . . . . . . . . . . . . . . System Corruption 4 | . . . . 4 . . . . . . . . . . . . . . . . . . . . . Parts Lost 102 | . 1 8 21 8 15 . 1 . . 6 . . . . . . 7 2 1 . . 8 . 19 5 Power 24 | . . 3 2 1 4 . . . . 1 . . . . . . 2 1 1 . . 3 . 6 . Propulsion 42 | . . 4 11 4 5 . . . . 4 . . . . . . 2 1 . . . 3 . 5 3 Utility 19 | . . . 3 2 1 . . . . 1 . . . . . . 2 . . . . 1 . 7 2 Weapon 17 | . 1 1 5 1 5 . 1 . . . . . . . . . 1 . . . . 1 . 1 . Highest Loss Streak 10 | . 1 6 10 4 2 . 1 . . 5 . . . . . . 5 2 1 . . 6 . 5 3 To Critical Strikes 1 | . . . . 1 . . . . . . . . . . . . . . . . . . . . . Average Slot Usage (%) 86 | . 98 95 86 90 91 68 80 84 85 78 51 65 81 81 83 88 86 90 91 94 94 87 95 81 46 Engine 5 | . 14 6 8 5 . 6 7 7 7 11 6 6 6 6 8 9 5 10 8 11 11 5 5 2 . Core 2 | . . 4 . 3 5 . . . . . . . . . . 1 3 . . . . . . 2 . Treads 17 | . 27 39 22 26 27 . . . . . . . . . . . . . . . . . . . 3 Wheel 1 | . . . 3 1 3 . . . . . . . . . . . . . . . . . . . . Flight 11 | . . . . . 1 36 35 35 35 34 18 27 37 37 33 33 29 26 27 27 27 26 30 20 . Device 9 | . 14 11 7 10 6 7 10 13 14 11 7 9 12 12 11 11 13 22 21 16 16 15 20 11 3 Storage 7 | . 14 11 9 9 7 7 7 7 7 6 6 6 6 6 5 5 5 5 5 5 5 5 5 4 . Processor 3 | . . . 12 15 . . . . . . . . . . . . . . . 5 5 9 10 16 18 Hackware 10 | . . . . . 21 2 . 6 7 6 6 6 6 6 13 16 15 16 16 16 16 15 15 15 19 Energy Cannon 2 | . 10 14 1 . . . . . . . . . . . . . . . . . . . . . . Ballistic Gun 5 | . 13 7 15 15 3 . . . . . . . . . . . . . . . . . . . . Ballistic Cannon 2 | . . . . . 7 . . . . . . . . . . . . . . . . . . . . Slashing Weapon 1 | . . . . . . 7 6 . . 3 6 8 12 12 9 5 2 . . . . . . . . Naked Turns . | . . . . . . . . . . . . . . . . . . . . . . . . . . Heaviest Build 103 | 14 22 96 69 94 103 24 26 25 27 28 24 26 25 25 27 29 31 30 37 32 32 38 31 44 6 Greatest Support 102 | 40 40 86 83 80 102 25 35 25 25 40 17 33 29 31 44 34 39 38 43 38 38 42 32 44 3 Greatest Overweight (x) 19 | 1 1 1 17 19 3 . 1 . 1 1 1 1 . . . . . . . . . 1 . 1 1 Average Overweight (x) . | . . . 2 . . . . . . . 1 . . . . . . . . . . . . . . Largest Inventory Capacity 25 | 8 10 25 25 25 25 10 10 10 10 10 10 10 10 10 10 10 10 10 10 10 10 10 10 10 5 Average Capacity 15 | 7 9 13 20 20 24 10 10 10 10 10 10 10 10 10 10 10 10 10 10 10 10 10 10 9 5 Most Carried 25 | 6 10 12 20 21 25 10 10 10 10 10 10 10 10 10 10 10 10 10 10 10 10 10 10 10 5 Average Carried 14 | 2 8 9 15 19 22 10 9 9 9 9 9 9 10 10 9 10 9 8 9 9 10 9 9 8 4 Final Capacity 25 | 8 10 20 20 25 10 10 10 10 10 10 10 10 10 10 10 10 10 10 10 10 10 10 10 5 5 Final Carried 21 | 3 10 12 20 21 10 10 10 10 10 10 10 10 10 10 10 10 10 10 10 10 10 9 10 5 4 Class Distribution -------------------- 26% | Hacker-Mutant 17% | Scavenger-Mutant 17% | Mutant 10% | Machinist-Scout 7% | Hacker-Scout 7% | Hacker-Sprinter 5% | Assassin 3% | Derelict-Scout Dominant Class ---------------- Mutant | -10/Materials Mutant | -9/Materials Scavenger-Mutant | -8/Materials Scavenger-Mutant | -8/Storage Hacker-Mutant | -7/Factory Machinist-Scout | -7/Lower Caves Machinist-Scout | -7/Lower Caves Machinist-Scout | -7/Zion Machinist-Scout | -6/Proximity Caves Machinist-Scout | -6/Factory Assassin | -6/Lower Caves Trapper-Scout | -6/Lower Caves Trapper-Scout | -6/Data Miner Trapper-Scout | -5/Proximity Caves Derelict-Scout | -5/Factory Derelict-Scout | -5/Waste Hacker-Scout | -5/Factory Hacker-Sprinter | -5/Upper Caves Hacker-Sprinter | -5/Upper Caves Hacker-Sprinter | -5/Zhirov Hacker-Sprinter | -4/Proximity Caves Hacker-Sprinter | -4/Factory Hacker-Sprinter | -4/Waste Hacker-Scout | -4/Factory Hacker-Mutant | -4/Upper Caves Resources | -11 -10 -9 -8 -8 -7 -7 -7 -7 -6 -6 -6 -6 -6 -5 -5 -5 -5 -5 -5 -5 -4 -4 -4 -4 -4 ----------- Run | Yrd Mat Mat Mat Sto Fac Low Low Zio Pro Fac Low Low Dat Pro Fac Was Fac Upp Upp Zhi Pro Fac Was Fac Upp Matter Collected 7349 | 189 259 390 839 1226 2541 57 84 57 62 200 105 94 . . 117 10 407 83 35 90 . 153 . 272 79 Remotely . | . . . . . . . . . . . . . . . . . . . . . . . . . . Salvage Created 12946 | 18 418 1704 1885 2063 3125 . . . 24 692 172 56 . . 290 . 687 116 231 300 . 237 . 848 80 Parts 686 | 4 34 105 110 104 172 . . . . 28 8 1 . . 11 . 26 . 2 2 . 20 . 57 2 Haulers Intercepted 29 | . 1 5 5 3 6 . . . . 4 . . . . . . 3 . . . . . . 2 . Recyclers Shooed 6 | . . 2 1 . 2 . . . . . . . . . 1 . . . . . . . . . . Parts Field Recycled . | . . . . . . . . . . . . . . . . . . . . . . . . . . Retrieved Matter . | . . . . . . . . . . . . . . . . . . . . . . . . . . Parts Self-Destructed 30 | . . . . . . . 1 . 2 . 18 . . . . . . . . 1 . . . . 8 Prevented 3 | . . . . . . . . . 3 . . . . . . . . . . . . . . . . Kills | -11 -10 -9 -8 -8 -7 -7 -7 -7 -6 -6 -6 -6 -6 -5 -5 -5 -5 -5 -5 -5 -4 -4 -4 -4 -4 ------- Run | Yrd Mat Mat Mat Sto Fac Low Low Zio Pro Fac Low Low Dat Pro Fac Was Fac Upp Upp Zhi Pro Fac Was Fac Upp Combat Hostiles Destroyed 191 | . 10 29 30 33 53 . . . 1 . 4 . . . 1 . 9 1 1 . . 7 . 10 2 Melee 24 | . . . . . 3 . . . . . . . . . 1 . . . 1 . . 7 . 10 2 Guns 72 | . 4 6 20 23 19 . . . . . . . . . . . . . . . . . . . . Cannons 68 | . 5 23 10 . 30 . . . . . . . . . . . . . . . . . . . . AOE 23 | . 1 . . 10 1 . . . 1 . 4 . . . . . 6 . . . . . . . . Classes Destroyed 19 | 1 7 1 3 3 2 . . . . . . 1 . . . . . . . . . . . 1 . Worker 22 | . 1 2 2 4 7 . . . . . . . . . . . 5 . . . . . . 1 . Builder 4 | . . . . . 2 . . . . . . . . . . . 1 . . . . . . 1 . Tunneler 2 | 1 . . . . . . . . . 1 . . . . . . . . . . . . . . . Hauler 29 | . 1 5 5 3 6 . . . . 4 . . . . . . 3 . . . . . . 2 . Recycler 22 | . 1 3 2 2 12 . . . . 1 . . . . 1 . . . . . . . . . . Minesweeper 1 | . . . . . . . . . . . . 1 . . . . . . . . . . . . . Mechanic 3 | . . . . 1 1 . . . . . . . . . . . . . . . . . . 1 . Operator 18 | . 2 2 2 2 . . . . . 2 . . . . 2 . 1 . . . . 1 . 4 . Watcher 22 | . 1 3 2 2 5 . . . . 2 . . . . 3 . 2 . . . . . . 2 . Swarmer 50 | . 7 7 6 5 5 . . . . . 4 . . . . . 5 . 1 . . 6 . 4 . Cutter 2 | . . . . . . . . . . . . . . . . . . . . . . . . 2 . Grunt 86 | . 3 15 14 15 34 . . . 1 . . . . . 1 . 3 . . . . . . . . Brawler 2 | . . . . 2 . . . . . . . . . . . . . . . . . . . . . Duelist 3 | . . . . 1 2 . . . . . . . . . . . . . . . . . . . . Sentry 31 | . . 7 4 10 6 . . . . . . . . . . . . 1 . . . 1 . 2 . Specialist 4 | . . . 4 . . . . . . . . . . . . . . . . . . . . . . Hunter 1 | . . . 1 . . . . . . . . . . . . . . . . . . . . . . Programmer 11 | . . . . . 6 . . . . . . . . . . . 1 . . . . . . 2 2 Heavy 1 | . . . 1 . . . . . . . . . . . . . . . . . . . . . . Decomposer 1 | . . . . . . . . . . . . 1 . . . . . . . . . . . . . Packrat 1 | . . . . . . . . . . . 1 . . . . . . . . . . . . . . Savage 1 | . . . . . . . . . . . . . . . . . . . 1 . . . . . . Best Kill Streak 12 | 1 2 9 8 12 8 . . . 1 2 4 1 . . 3 . 5 1 1 . . 4 . 5 2 Combat Bots Only 8 | . 2 4 8 5 5 . . . 1 . 4 . . . 1 . 5 1 1 . . 4 . 4 2 Max Kills in Single Turn 7 | 1 2 2 2 5 7 . . . 1 1 3 1 . . 1 . 3 1 1 . . 1 . 1 1 Gunslinging 1 | . . . . 1 . . . . . . . . . . . . . . . . . . . . . Exploded 4 | . 1 . . 4 1 . . . 1 . 3 . . . . . 3 . . . . . . . . Melee 1 | . . . . . 1 . . . . . . . . . 1 . . . 1 . . 1 . 1 1 Uniques/NPCs Destroyed . | . . . . . . . . . . . . . . . . . . . . . . . . . . Combat | -11 -10 -9 -8 -8 -7 -7 -7 -7 -6 -6 -6 -6 -6 -5 -5 -5 -5 -5 -5 -5 -4 -4 -4 -4 -4 -------- Run | Yrd Mat Mat Mat Sto Fac Low Low Zio Pro Fac Low Low Dat Pro Fac Was Fac Upp Upp Zhi Pro Fac Was Fac Upp Hostile Shots Fired 1421 | . 31 182 221 125 416 . 1 . . 12 8 . . 1 2 . 43 10 20 . 2 57 . 234 56 Missed 444 | . 11 37 57 29 125 . 1 . . 4 3 . . . 1 . 18 3 7 . . 28 . 108 12 Damage Taken 16561 | . 310 1623 2798 1550 4389 . 295 . . 407 86 . . 19 63 . 640 163 181 . 38 618 . 2536 845 Core 2784 | . 18 225 331 160 532 . 96 . . 62 32 . . . 15 . 82 . 56 . 21 186 . 722 246 Absorbed by Shields 40 | . . . . . . . . . . . . . . . . . . . . . . . . 40 . Regen/Repaired (Parts) 852 | . . 206 71 82 263 . . . . . . . . . 73 18 74 . . . . . . 65 . Core Remaining (%) 60 | 100 92 43 . 10 . . . . 10 . . . . 88 . . . . . . 82 . . . . Volleys Fired 607 | 1 32 106 126 99 233 . . . 3 . 2 . . . . . 5 . . . . . . . . Largest 2 | 2 2 2 2 2 2 . . . 1 . 1 . . . . . 1 . . . . . . . . Hottest 136 | 70 88 136 94 90 113 . . . 39 . 39 . . . . . 39 . . . . . . . . Shots Fired 1175 | 2 64 212 245 195 447 . . . 3 . 2 . . . . . 5 . . . . . . . . Gun 647 | 2 37 73 200 188 147 . . . . . . . . . . . . . . . . . . . . Cannon 510 | . 27 139 45 . 299 . . . . . . . . . . . . . . . . . . . . Launcher 18 | . . . . 7 1 . . . 3 . 2 . . . . . 5 . . . . . . . . Special . | . . . . . . . . . . . . . . . . . . . . . . . . . . Kinetic 839 | 1 32 73 195 181 357 . . . . . . . . . . . . . . . . . . . . Thermal 318 | 1 32 139 50 7 89 . . . . . . . . . . . . . . . . . . . . Explosive 10 | . . . . . . . . . 3 . 2 . . . . . 5 . . . . . . . . Electromagnetic 8 | . . . . 7 1 . . . . . . . . . . . . . . . . . . . . Robot Hit Streak 31 | 2 5 14 31 29 15 . . . . . . . . . . . 2 . . . . . . . . Robot Miss Streak 6 | . 4 6 3 1 6 . . . . . . . . . . . 1 . . . . . . . . Penetration Max 1 | . . . . 1 1 . . . . . . . . . . . . . . . . . . . . Secondary Targets 6 | . . . 4 2 . . . . . . . . . . . . . . . . . . . . . Max Gunslinging Chain 1 | . . . 1 1 . . . . . . . . . . . . . . . . . . . . . Shots Hit Robots 959 | 2 33 114 177 163 289 . . . . 24 5 9 . . 14 1 29 10 10 9 . 18 . 38 14 Core Hits 429 | 1 19 52 74 75 124 . . . 4 11 4 . . . 6 . 20 3 6 3 . 8 . 18 1 Critical Kills 1 | . 1 . . . . . . . . . . . . . . . . . . . . . . . . Critical Parts Destroyed 5 | . . . . . . . . . . . . . . . . . 2 1 . . . . . . 2 Critical Strikes 34 | . 1 . . 1 14 . . . . 2 2 . . . 1 . 3 2 . . . 1 . 5 2 Burn 2 | . . . . 1 1 . . . . . . . . . . . . . . . . . . . . Meltdown 1 | . 1 . . . . . . . . . . . . . . . . . . . . . . . . Blast 12 | . . . . . 12 . . . . . . . . . . . . . . . . . . . . Smash 6 | . . . . . . . . . . . . . . . . . 2 2 . . . . . . 2 Sever 5 | . . . . . 1 . . . . . 2 . . . 1 . 1 . . . . . . . . Impale 8 | . . . . . . . . . . 2 . . . . . . . . . . . 1 . 5 . Melee Attacks 452 | . 3 . . . 15 2 5 7 20 66 21 16 . 10 31 1 59 12 13 9 4 39 . 98 21 Impact 57 | . 3 . . . . . . . . . . . . . . . 16 8 3 . . 3 . 3 21 Slashing 166 | . . . . . 15 2 5 . . 36 21 10 . 10 31 1 35 . . . . . . . . Piercing 217 | . . . . . . . . 4 20 30 . . . . . . 8 4 10 7 4 36 . 94 . Sneak Attacks 45 | . . . . . . . . . . 7 2 9 . . 4 . 9 . 1 . . 4 . 9 . Combat Hostiles 3 | . . . . . . . . . . . 1 . . . . . . . . . . 1 . 1 . Follow-up Attacks 4 | . . . . . . . . . . . . . . . 2 . . 2 . . . . . . . Damage Inflicted 30512 | 22 611 2330 3147 3558 8827 . . . 142 1494 741 302 . . 761 22 2491 496 558 558 . 1039 . 2569 844 Guns 8377 | 22 159 508 2366 2762 2560 . . . . . . . . . . . . . . . . . . . . Cannons 8531 | . 327 1822 781 . 5601 . . . . . . . . . . . . . . . . . . . . Explosions 2593 | . 125 . . 796 458 . . . 142 . 322 . . . . . 750 . . . . . . . . Melee 11000 | . . . . . 200 . . . . 1494 419 302 . . 761 22 1741 496 558 558 . 1039 . 2566 844 Ramming 11 | . . . . . 8 . . . . . . . . . . . . . . . . . . 3 . Kinetic 11717 | 10 109 508 2271 2633 6186 . . . . . . . . . . . . . . . . . . . . Thermal 5515 | 12 377 1822 876 358 1975 . . . . . . . . . . . 95 . . . . . . . . Explosive 1621 | . 125 . . . 377 . . . 142 . 322 . . . . . 655 . . . . . . . . Electromagnetic 648 | . . . . 567 81 . . . . . . . . . . . . . . . . . . . . Impact 1917 | . . . . . . . . . . . . . . . . . 643 302 72 . . . . 56 844 Slashing 3372 | . . . . . 200 . . . . 677 419 302 . . 761 22 991 . . . . . . . . Piercing 5711 | . . . . . . . . . . 817 . . . . . . 107 194 486 558 . 1039 . 2510 . Highest Corruption 13 | . . . . 13 3 . . . . 10 10 5 5 5 . . 2 . . . . . . 4 10 Average Corruption 4 | . . . . 6 1 . . . . 10 6 5 5 5 . . 1 . . . . . . 2 8 Corruption Purged 22 | . . . . . 5 . . . . . 5 . . . . . 3 . . . . . . 4 5 Corruption Blocked . | . . . . . . . . . . . . . . . . . . . . . . . . . . Effects 97 | . . . . 30 20 . . . . 1 20 10 2 2 . . 2 . . . . . . 6 4 Message Errors 23 | . . . . 7 4 . . . . . 3 4 . 2 . . 1 . . . . . . 1 1 Matter Fused 19 | . . . . 9 3 . . . . . 3 2 . . . . . . . . . . . 1 1 Heat Flow Errors 12 | . . . . 4 1 . . . . 1 2 2 . . . . . . . . . . . 2 . Energy Discharges 18 | . . . . 4 4 . . . . . 5 1 1 . . . . . . . . . . 1 2 Parts Rejected 2 | . . . . . 1 . . . . . . . . . . . 1 . . . . . . . . Parts Fused 1 | . . . . . . . . . . . 1 . . . . . . . . . . . . . . Data Loss (minor) 8 | . . . . . 3 . . . . . 3 1 1 . . . . . . . . . . . . Data Loss (major) 6 | . . . . 2 1 . . . . . 2 . . . . . . . . . . . . 1 . Misfires 2 | . . . . . 2 . . . . . . . . . . . . . . . . . . . . Alerts 3 | . . . . 1 1 . . . . . 1 . . . . . . . . . . . . . . Weapon Failures 3 | . . . . 3 . . . . . . . . . . . . . . . . . . . . . Overload Shots . | . . . . . . . . . . . . . . . . . . . . . . . . . . Overflow Damage 3188 | . 14 22 . 30 323 . . . . 215 185 232 . . 207 . 756 115 160 208 . 82 . 384 255 Projectiles 215 | . 6 22 . . 187 . . . . . . . . . . . . . . . . . . . . Explosions 343 | . 8 . . 30 136 . . . . . . . . . . . 169 . . . . . . . . Melee 2630 | . . . . . . . . . . 215 185 232 . . 207 . 587 115 160 208 . 82 . 384 255 Knockbacks 62 | . . . . . 56 . . . . . . . . . . . 5 . . . . . . . 1 Impact 6 | . . . . . . . . . . . . . . . . . 5 . . . . . . . 1 Kinetic 52 | . . . . . 52 . . . . . . . . . . . . . . . . . . . . Secondary 4 | . . . . . 4 . . . . . . . . . . . . . . . . . . . . Self-Inflicted Damage 354 | . 137 . . 129 . . . . . . . . . . . . 87 . . . . . . 1 . Shots 9 | . 2 . . 6 . . . . . . . . . . . . 1 . . . . . . . . Rammed 2 | . . . . . 1 . . . . . . . . . . . . . . . . . . 1 . Targets Rammed 2 | . . . . . 1 . . . . . . . . . . . . . . . . . . 1 . Kicked . | . . . . . . . . . . . . . . . . . . . . . . . . . . Crushed . | . . . . . . . . . . . . . . . . . . . . . . . . . . Highest Temperature 413 | 30 204 369 242 252 404 1 1 1 1 317 180 193 . . 30 . 413 . 14 . 19 59 4 216 . Average Temperature 78 | 18 63 108 62 33 77 1 1 1 1 114 88 98 . . 11 . 114 . 9 . 9 26 3 34 . Received Heat Transfer 4155 | . 36 660 765 576 1629 . . . . . 9 . . 9 9 . 126 18 . . 21 . . 297 . Effects 15 | . . 2 . . 6 . . . . 5 . . . . . . 2 . . . . . . . . Shutdowns 1 | . . 1 . . . . . . . . . . . . . . . . . . . . . . . Energy Bleed 4 | . . . . . 1 . . . . 1 . . . . . . 2 . . . . . . . . Interference 8 | . . . . . 4 . . . . 4 . . . . . . . . . . . . . . . Matter Decay 1 | . . . . . 1 . . . . . . . . . . . . . . . . . . . . Short Circuit 1 | . . 1 . . . . . . . . . . . . . . . . . . . . . . . Siege Activations . | . . . . . . . . . . . . . . . . . . . . . . . . . . Robots Corrupted 1 | . . . . 1 . . . . . . . . . . . . . . . . . . . . . Combat Hostiles . | . . . . . . . . . . . . . . . . . . . . . . . . . . Parts Fried 8 | . . . . 3 . . . . . . . . . . . . 4 1 . . . . . . . Impact Corruptions 27 | . . . . . . . . . . . . . . . . . 12 2 1 . . . . . 12 Robots Melted 1 | . 1 . . . . . . . . . . . . . . . . . . . . . . . . Combat Hostiles . | . . . . . . . . . . . . . . . . . . . . . . . . . . Parts Melted 6 | . 1 2 1 . 2 . . . . . . . . . . . . . . . . . . . . Heat Transferred 8958 | 37 740 3293 1591 509 2738 . . . . . . . . . . . 50 . . . . . . . . Parts Sabotaged . | . . . . . . . . . . . . . . . . . . . . . . . . . . Parts Stolen . | . . . . . . . . . . . . . . . . . . . . . . . . . . Parts Stripped . | . . . . . . . . . . . . . . . . . . . . . . . . . . Power Chain Reactions 3 | . . . . 3 . . . . . . . . . . . . . . . . . . . . . Alert | -11 -10 -9 -8 -8 -7 -7 -7 -7 -6 -6 -6 -6 -6 -5 -5 -5 -5 -5 -5 -5 -4 -4 -4 -4 -4 ------- Run | Yrd Mat Mat Mat Sto Fac Low Low Zio Pro Fac Low Low Dat Pro Fac Was Fac Upp Upp Zhi Pro Fac Was Fac Upp Peak Influence 1441 | 5 255 395 370 784 1441 . . . . 451 . . . . 562 299 1351 . . . . 269 154 669 . Initial 314 | . 3 104 76 84 314 . . . . 53 . . . . 46 196 195 . . . . 37 94 107 . Average 395 | . 144 202 161 501 574 . . . . 249 . . . . 347 245 763 . . . . 128 119 369 . Maximum Alert Level 4 | . 1 1 1 3 4 . . . . 2 . . . . 2 1 4 . . . . 1 . 2 . Low Security (%) 28 | 100 73 59 60 16 4 . . . . 24 . . . . 17 24 1 . . . . 83 100 13 . Level 1 39 | . 26 40 39 19 46 . . . . 67 . . . . 34 75 21 . . . . 16 . 43 . Level 2 17 | . . . . 47 21 . . . . 8 . . . . 48 . 7 . . . . . . 42 . Level 3 8 | . . . . 16 12 . . . . . . . . . . . 55 . . . . . . . . Level 4 5 | . . . . . 15 . . . . . . . . . . . 14 . . . . . . . . Level 5 . | . . . . . . . . . . . . . . . . . . . . . . . . . . High Security . | . . . . . . . . . . . . . . . . . . . . . . . . . . Max Security . | . . . . . . . . . . . . . . . . . . . . . . . . . . Squads Dispatched 74 | . 2 3 8 9 15 . . . . 9 . . . . 7 . 9 . . . . 4 . 8 . Investigation 26 | . 1 . 1 1 5 . . . . 6 . . . . 5 . 4 . . . . 1 . 2 . Extermination 8 | . . . . . 4 . . . . 1 . . . . . . . . . . . . . 3 . Reinforcement 27 | . 1 3 5 1 5 . . . . 1 . . . . 2 . 3 . . . . 3 . 3 . Assault 3 | . . . . 1 1 . . . . . . . . . . . 1 . . . . . . . . Garrison 10 | . . . 2 6 . . . . . 1 . . . . . . 1 . . . . . . . . Intercept . | . . . . . . . . . . . . . . . . . . . . . . . . . . Searches Triggered 4 | . . . . . . . . . . 1 . . . . 1 . . . . . . . . 2 . Construction Impeded 1 | . . . . . 1 . . . . . . . . . . . . . . . . . . . . Haulers Reinforced 6 | . . . . . 1 . . . . 1 . . . . . . 2 . . . . 1 . 1 . Active Scanning Responses 9 | . . . . . . . . . . 4 . . . . 3 . 2 . . . . . . . . Cargo Convoy Interrupts . | . . . . . . . . . . . . . . . . . . . . . . . . . . Stealth | -11 -10 -9 -8 -8 -7 -7 -7 -7 -6 -6 -6 -6 -6 -5 -5 -5 -5 -5 -5 -5 -4 -4 -4 -4 -4 --------- Run | Yrd Mat Mat Mat Sto Fac Low Low Zio Pro Fac Low Low Dat Pro Fac Was Fac Upp Upp Zhi Pro Fac Was Fac Upp Distress Signals 21 | . 3 3 4 1 1 . . . . 3 . . . . 2 . . . . . . 1 . 3 . Communications Jammed 2 | . . . . . . . . . . . . . . . . . 2 . . . . . . . . Distress Signals 1 | . . . . . . . . . . . . . . . . . 1 . . . . . . . . Times Spotted 440 | . 21 44 40 45 86 . 3 . 2 18 3 . . 5 13 5 31 1 5 . 4 18 5 83 8 Peak Tracking Total 17 | . 4 6 6 5 5 . 3 . 3 5 4 . . 5 5 2 9 1 4 . 4 5 5 17 6 Tactical Retreats 51 | . 2 3 . 1 7 . . . . 3 1 . . 2 3 . 6 . 1 . 2 1 . 19 . Traps | -11 -10 -9 -8 -8 -7 -7 -7 -7 -6 -6 -6 -6 -6 -5 -5 -5 -5 -5 -5 -5 -4 -4 -4 -4 -4 ------- Run | Yrd Mat Mat Mat Sto Fac Low Low Zio Pro Fac Low Low Dat Pro Fac Was Fac Upp Upp Zhi Pro Fac Was Fac Upp Traps Triggered 20 | . 4 . 1 1 7 . . . . . . . . . 1 . 2 . . . . 2 . 2 . Indirectly . | . . . . . . . . . . . . . . . . . . . . . . . . . . Trap Hack Attempts 51 | . . . . . . . . . . 38 . . . . 1 . . . . . . 10 . 2 . Triggered . | . . . . . . . . . . . . . . . . . . . . . . . . . . Disarmed . | . . . . . . . . . . . . . . . . . . . . . . . . . . Reprogrammed 6 | . . . . . . . . . . 4 . . . . 1 . . . . . . 1 . . . Reused 9 | . . . . . . . . . . . . . . . 4 . 4 . . . . . . 1 . Traps Extracted 7 | . . . . . . . . . . 4 . . . . 1 . 1 . . . . 1 . . . Installed 13 | . . . . . . . . . . . . . . . 4 . 6 . . . . 2 . 1 . Triggered 12 | . . . . . . . . . 2 . . . . . 4 . 4 . . . 1 . . 1 . Most Traps Carried 12 | . . . . . . . . . . 4 4 12 12 12 12 9 9 2 2 2 2 2 1 1 . Machines | -11 -10 -9 -8 -8 -7 -7 -7 -7 -6 -6 -6 -6 -6 -5 -5 -5 -5 -5 -5 -5 -4 -4 -4 -4 -4 ---------- Run | Yrd Mat Mat Mat Sto Fac Low Low Zio Pro Fac Low Low Dat Pro Fac Was Fac Upp Upp Zhi Pro Fac Was Fac Upp Machines Disabled 28 | . 3 1 1 3 8 . . 2 . . . 1 . . . . 7 . . . . . . 2 . Max in Single Turn 5 | . 2 1 1 1 5 . . 1 . . . 1 . . . . 2 . . . . . . . . Garrison Access 7 | . . . . . 3 . . . . 1 . . . . . . 2 . . . . 1 . . . Machines Repaired . | . . . . . . . . . . . . . . . . . . . . . . . . . . Machines Dismantled . | . . . . . . . . . . . . . . . . . . . . . . . . . . Machines Sabotaged . | . . . . . . . . . . . . . . . . . . . . . . . . . . Overloaded Fab Kills . | . . . . . . . . . . . . . . . . . . . . . . . . . . Hacking | -11 -10 -9 -8 -8 -7 -7 -7 -7 -6 -6 -6 -6 -6 -5 -5 -5 -5 -5 -5 -5 -4 -4 -4 -4 -4 --------- Run | Yrd Mat Mat Mat Sto Fac Low Low Zio Pro Fac Low Low Dat Pro Fac Was Fac Upp Upp Zhi Pro Fac Was Fac Upp Machines Accessed 120 | . 7 7 9 10 20 1 1 . . 17 1 1 4 . 7 . 7 1 1 7 . 5 . 14 . Terminals 60 | . 6 6 7 8 7 1 . . . 8 1 . . . 2 . 3 . . . . 2 . 9 . Fabricators 18 | . . . . . 5 . . . . 5 . . . . 2 . 2 . . . . 1 . 3 . Repair Stations 15 | . . 1 1 1 4 . . . . 2 . . . . 3 . 1 . . . . 1 . 1 . Recycling Units 1 | . 1 . . . . . . . . . . . . . . . . . . . . . . . . Scanalyzers 3 | . . . 1 . 1 . . . . 1 . . . . . . . . . . . . . . . Garrison Access 8 | . . . . 1 3 . . . . 1 . . . . . . 1 . . . . 1 . 1 . Total Hacks 366 | . 15 24 21 25 43 1 1 . . 44 1 1 32 . 17 . 18 1 1 46 . 24 . 51 . Successful 220 | . 6 13 10 10 26 1 1 . . 19 1 1 32 . 9 . 12 1 1 46 . 9 . 22 . Failed 146 | . 9 11 11 15 17 . . . . 25 . . . . 8 . 6 . . . . 15 . 29 . Catastrophic 29 | . 3 2 2 1 3 . . . . 5 . . . . 2 . 1 . . . . 3 . 7 . Database Lockouts . | . . . . . . . . . . . . . . . . . . . . . . . . . . Manual 74 | . 7 9 9 5 12 . . . . 11 . . . . 1 . 1 . . . . 11 . 8 . Terminals 167 | . 14 20 17 20 15 1 . . . 19 1 . . . 3 . 8 . . . . 13 . 36 . Fabricators 48 | . . . . . 13 . . . . 11 . . . . 6 . 4 . . . . 4 . 10 . Repair Stations 43 | . . 4 2 3 8 . . . . 5 . . . . 8 . 5 . . . . 5 . 3 . Recycling Units 1 | . 1 . . . . . . . . . . . . . . . . . . . . . . . . Scanalyzers 9 | . . . 2 . 2 . . . . 5 . . . . . . . . . . . . . . . Garrison Access 16 | . . . . 2 5 . . . . 4 . . . . . . 1 . . . . 2 . 2 . Terminal Hacks 145 | . 5 8 4 8 4 1 1 . . 6 1 1 32 . . . 4 1 1 46 . 6 . 16 . Record 50 | . . . . . . 1 . . . . 1 . 11 . . . 2 . . 34 . . . 1 . Part Schematic 23 | . . . . 2 1 . . . . 2 . . 13 . . . . . . 4 . . . 1 . Robot Schematic 5 | . . . . . . . . . . . . . 5 . . . . . . . . . . . . Robot Analysis 7 | . . . . . 2 . . . . . . . . . . . . . . 4 . . . 1 . Prototype ID Bank 8 | . 1 . . . . . . . . . . . 3 . . . . . . 4 . . . . . Open Door 7 | . . . . 3 . . 1 . . . . 1 . . . . . 1 1 . . . . . . Level Access Points 2 | . . . . . . . . . . . . . . . . . . . . . . 1 . 1 . Branch Access Points 4 | . . . . . . . . . . 1 . . . . . . 1 . . . . 1 . 1 . Machine Index 3 | . . . . . 1 . . . . . . . . . . . . . . . . 1 . 1 . Terminal Index 3 | . 1 . . . . . . . . 1 . . . . . . . . . . . 1 . . . Scanalyzer Index 1 | . . . . . . . . . . . . . . . . . . . . . . . . 1 . Alert Level 3 | . . 1 1 . . . . . . . . . . . . . . . . . . . . 1 . Unreport Threat 9 | . . 3 1 1 . . . . . 1 . . . . . . . . . . . . . 3 . Locate Traps 3 | . . . . . . . . . . . . . . . . . 1 . . . . 1 . 1 . Dispatch Records 1 | . . . . . . . . . . . . . . . . . . . . . . . . 1 . Hauler Manifests 6 | . 1 2 1 . . . . . . 1 . . . . . . . . . . . 1 . . . Registered Components 2 | . . 1 . . . . . . . . . . . . . . . . . . . . . 1 . Zone Layout 8 | . 2 1 1 2 . . . . . . . . . . . . . . . . . . . 2 . Fabricator Hacks 31 | . . . . . 11 . . . . 7 . . . . 4 . 4 . . . . 1 . 4 . Network Status 3 | . . . . . 1 . . . . 1 . . . . 1 . . . . . . . . . . Load Schematic 15 | . . . . . 5 . . . . 3 . . . . 2 . 2 . . . . 1 . 2 . Build 13 | . . . . . 5 . . . . 3 . . . . 1 . 2 . . . . . . 2 . Repair Station Hacks 26 | . . 4 2 2 5 . . . . 3 . . . . 5 . 2 . . . . 1 . 2 . Scan Component 16 | . . 2 1 1 3 . . . . 3 . . . . 3 . 1 . . . . 1 . 1 . Repair 10 | . . 2 1 1 2 . . . . . . . . . 2 . 1 . . . . . . 1 . Recycling Unit Hacks . | . . . . . . . . . . . . . . . . . . . . . . . . . . Scanalyzer 3 | . . . 2 . 1 . . . . . . . . . . . . . . . . . . . . Insert Component 2 | . . . 1 . 1 . . . . . . . . . . . . . . . . . . . . Analyze 1 | . . . 1 . . . . . . . . . . . . . . . . . . . . . . Garrison Access Hacks 6 | . . . . . 3 . . . . 1 . . . . . . 1 . . . . 1 . . . Seal Access 6 | . . . . . 3 . . . . 1 . . . . . . 1 . . . . 1 . . . Unauthorized Hacks 9 | . 1 1 2 . 2 . . . . 2 . . . . . . 1 . . . . . . . . Terminals 7 | . . 1 2 . 2 . . . . 1 . . . . . . 1 . . . . . . . . Track 2 | . . . . . 1 . . . . . . . . . . . 1 . . . . . . . . Assimilate 1 | . . . . . . . . . . 1 . . . . . . . . . . . . . . . Disrupt 4 | . . 1 2 . 1 . . . . . . . . . . . . . . . . . . . . Fabricators . | . . . . . . . . . . . . . . . . . . . . . . . . . . Repair Stations . | . . . . . . . . . . . . . . . . . . . . . . . . . . Recycling Units 1 | . 1 . . . . . . . . . . . . . . . . . . . . . . . . Tunnel 1 | . 1 . . . . . . . . . . . . . . . . . . . . . . . . Scanalyzers 1 | . . . . . . . . . . 1 . . . . . . . . . . . . . . . Researchers 1 | . . . . . . . . . . 1 . . . . . . . . . . . . . . . Garrison Access . | . . . . . . . . . . . . . . . . . . . . . . . . . . Data Cores Recovered 10 | . 1 1 . 1 . . . . . 2 . . . . . . . . . . . 1 . 4 . Used 2 | . . . . . . . . . . . . . . . . . . . . . . 1 . 1 . Hacking Detections 89 | . 6 7 9 8 15 . . . . 15 . . . . 7 . 6 . . . . 4 . 12 . Full Trace Events 16 | . . 1 . 2 4 . . . . 2 . . . . 2 . 2 . . . . 1 . 2 . Feedback Events . | . . . . . . . . . . . . . . . . . . . . . . . . . . Feedback Blocked 1 | . . . . . . . . . . . . . . . 1 . . . . . . . . . . Robot Schematics Acquired 5 | . . . . . . . . . . . . . 5 . . . . . . . . . . . . Robots Built . | . . . . . . . . . . . . . . . . . . . . . . . . . . Authchips . | . . . . . . . . . . . . . . . . . . . . . . . . . . Time . | . . . . . . . . . . . . . . . . . . . . . . . . . . Total Robot Build Rating . | . . . . . . . . . . . . . . . . . . . . . . . . . . Part Schematics Acquired 23 | . . . . 2 1 . . . . 2 . . 13 . . . . . . 4 . . . 1 . Parts Built 12 | . . . . . 5 . . . . 3 . . . . 1 . 1 . . . . . . 2 . Authchips 3 | . . . . . 2 . . . . 1 . . . . . . . . . . . . . . . Time 1332 | . . . . . 536 . . . . 260 . . . . 95 . 253 . . . . . . 188 . Total Part Build Rating 58 | . . . . . 20 . . . . 15 . . . . 5 . 6 . . . . . . 12 . Parts Repaired 10 | . . 2 1 1 2 . . . . . . . . . 2 . 1 . . . . . . 1 . Time 389 | . . 52 51 60 72 . . . . . . . . . 88 . 22 . . . . . . 44 . Parts Recycled . | . . . . . . . . . . . . . . . . . . . . . . . . . . Recycled Matter . | . . . . . . . . . . . . . . . . . . . . . . . . . . Retrieved Matter . | . . . . . . . . . . . . . . . . . . . . . . . . . . Retrieved Components . | . . . . . . . . . . . . . . . . . . . . . . . . . . Parts Scanalyzed 1 | . . . 1 . . . . . . . . . . . . . . . . . . . . . . Part Schematics Acquired . | . . . . . . . . . . . . . . . . . . . . . . . . . . Parts Damaged . | . . . . . . . . . . . . . . . . . . . . . . . . . . Bothacking | -11 -10 -9 -8 -8 -7 -7 -7 -7 -6 -6 -6 -6 -6 -5 -5 -5 -5 -5 -5 -5 -4 -4 -4 -4 -4 ------------ Run | Yrd Mat Mat Mat Sto Fac Low Low Zio Pro Fac Low Low Dat Pro Fac Was Fac Upp Upp Zhi Pro Fac Was Fac Upp Used RIF Installer . | . . . . . . . . . . . . . . . . . . . . . . . . . . Robots Hacked . | . . . . . . . . . . . . . . . . . . . . . . . . . . Non-combat . | . . . . . . . . . . . . . . . . . . . . . . . . . . Combat . | . . . . . . . . . . . . . . . . . . . . . . . . . . Robot Hacks Applied . | . . . . . . . . . . . . . . . . . . . . . . . . . . Relay Couplers Released 4 | . . . . . 4 . . . . . . . . . . . . . . . . . . . . Programmers 4 | . . . . . 4 . . . . . . . . . . . . . . . . . . . . Fabnet Peak Effective % . | . . . . . . . . . . . . . . . . . . . . . . . . . . Robots Rewired . | . . . . . . . . . . . . . . . . . . . . . . . . . . Allies Hacked . | . . . . . . . . . . . . . . . . . . . . . . . . . . Hacks Repelled . | . . . . . . . . . . . . . . . . . . . . . . . . . . Allies | -11 -10 -9 -8 -8 -7 -7 -7 -7 -6 -6 -6 -6 -6 -5 -5 -5 -5 -5 -5 -5 -4 -4 -4 -4 -4 -------- Run | Yrd Mat Mat Mat Sto Fac Low Low Zio Pro Fac Low Low Dat Pro Fac Was Fac Upp Upp Zhi Pro Fac Was Fac Upp Total Allies 28 | . . . . . . . 1 3 . . . . . . . 20 3 . 1 . . . . . . Largest Group 20 | . . . . . . . 1 3 3 . . . . . . 20 11 . 1 . . . . . . Highest-Rated Group 733 | . . . . . . . 135 101 101 . . . . . . 733 452 . 12 . . . . . . Highest-Rated Ally 135 | . . . . . . . 135 39 39 . . . . . . 50 46 . 12 . . . . . . Total Orders 51 | . . . . . . . . . . . . . . . 10 . . 14 11 . . 3 . 13 . FOLLOW 3 | . . . . . . . . . . . . . . . . . . . . . . . . 3 . EXPLORE 19 | . . . . . . . . . . . . . . . 4 . . 6 5 . . 3 . 1 . RETURN 29 | . . . . . . . . . . . . . . . 6 . . 8 6 . . . . 9 . Ally Attacks 289 | . . . . . . . 1 . 13 . . . . . . 143 83 . 1 . . . . 48 . Total Damage 9434 | . . . . . . . 571 . 228 . . . . . . 5012 2424 . 12 . . . . 1187 . Kills 49 | . . . . . . . 3 . 3 . . . . . . 12 21 . . . . . . 10 . Allies Corrupted 3 | . . . . . . . . . . . . . . . . . 3 . . . . . . . . Allies Melted 1 | . . . . . . . . . . . . . . . . . 1 . . . . . . . . Intel | -11 -10 -9 -8 -8 -7 -7 -7 -7 -6 -6 -6 -6 -6 -5 -5 -5 -5 -5 -5 -5 -4 -4 -4 -4 -4 ------- Run | Yrd Mat Mat Mat Sto Fac Low Low Zio Pro Fac Low Low Dat Pro Fac Was Fac Upp Upp Zhi Pro Fac Was Fac Upp Robot Analysis Total 7 | . . . . . 2 . . . . . . . . . . . . . . 4 . . . 1 . Derelict Logs Recovered 8 | . . . . . . . 1 1 1 . 3 . . 1 . . . . 1 . . . . . . Drone Launches 33 | . . . . . . . . . . . . . . . 6 . . 10 5 . . 3 . 9 . Drone Recoveries 24 | . . . . . . . . . . . . . . . 5 . . 8 4 . . . . 7 . Exploration | -11 -10 -9 -8 -8 -7 -7 -7 -7 -6 -6 -6 -6 -6 -5 -5 -5 -5 -5 -5 -5 -4 -4 -4 -4 -4 ------------- Run | Yrd Mat Mat Mat Sto Fac Low Low Zio Pro Fac Low Low Dat Pro Fac Was Fac Upp Upp Zhi Pro Fac Was Fac Upp Turns Passed 16599 | 68 769 1986 1520 1199 4526 146 260 491 185 667 575 514 40 179 395 151 767 202 130 90 80 285 18 1196 160 Spaces Moved 16306 | 36 386 818 594 464 2405 448 442 988 421 1415 456 418 76 225 724 270 1441 406 305 166 240 525 85 2366 186 Core 231 | 12 . . 5 2 . . . . . . . . . . . . . . . . . . . 26 186 Treads 3335 | 24 386 818 336 337 1434 . . . . . . . . . . . . . . . . . . . . Legs 2 | . . . 2 . . . . . . . . . . . . . . . . . . . . . . Wheels 997 | . . . 251 125 621 . . . . . . . . . . . . . . . . . . . . Hover . | . . . . . . . . . . . . . . . . . . . . . . . . . . Flight 11741 | . . . . . 350 448 442 988 421 1415 456 418 76 225 724 270 1441 406 305 166 240 525 85 2340 . Fastest Speed 5 | 50 160 160 155 145 5 23 5 23 23 5 107 33 41 35 22 35 19 26 21 29 29 11 20 11 50 Average Speed 66 | 124 161 161 170 170 136 23 35 23 23 22 107 71 41 40 35 35 25 28 28 29 29 24 20 26 52 Slowest Speed 1000 | 160 240 240 900 1000 250 23 88 23 88 107 107 111 41 41 41 35 35 29 29 29 29 98 20 117 100 Overloaded Moves 344 | . . . . . 5 . 1 . . 2 . . . 6 2 . 101 . 5 . . 23 . 199 . Propulsion Burnouts 1 | . . . . . . . . . . . . . . . . . . . . . . 1 . . . Robots Hopped 16 | . . . . . . . . . . 1 . . . . . . 1 . . . . 2 . 12 . Cave-ins Triggered 2 | . . . . . . . . . . 1 . . . . . . . . . . . . . 1 . Exploration Rate (%) 56 | 4 67 66 54 78 60 63 55 85 58 37 79 58 68 50 17 96 29 71 93 61 53 17 72 55 30 Regions Visited 25 Branch Regions 14 Pre-discovered Areas 10 | . 1 . . . . . 1 3 . . 1 . 1 . . . . . . 3 . . . . . Known Exits Taken 14 | . . . 1 . 1 1 1 1 1 1 1 1 1 1 . . 1 . . . 1 . . 1 . Unknown Exits Taken 7 | 1 1 1 . 1 . . . . . . . . . . . . . 1 1 1 . . . . . Scrap Searched 21 | . . . . . . 3 4 3 . . 2 2 . 1 . . . 1 4 . 1 . . . . Spaces Dug 189 | . 1 . . . 16 2 5 . 14 32 16 5 . 5 9 . 18 . . . 4 14 . 48 . Terrain Destroyed 389 | . 28 . . 14 65 2 5 . 53 32 34 5 . 5 9 . 71 . . . 4 14 . 48 . Melee 182 | . 1 . . . 9 2 5 . 14 32 16 5 . 5 9 . 18 . . . 4 14 . 48 . Projectile 33 | . . . . 2 31 . . . . . . . . . . . . . . . . . . . . AOE 174 | . 27 . . 12 25 . . . 39 . 18 . . . . . 53 . . . . . . . . Terrain Rammed . | . . . . . . . . . . . . . . . . . . . . . . . . . . Walls Destroyed . | . . . . . . . . . . . . . . . . . . . . . . . . . . Machines Disabled . | . . . . . . . . . . . . . . . . . . . . . . . . . . Actions | -11 -10 -9 -8 -8 -7 -7 -7 -7 -6 -6 -6 -6 -6 -5 -5 -5 -5 -5 -5 -5 -4 -4 -4 -4 -4 --------- Run | Yrd Mat Mat Mat Sto Fac Low Low Zio Pro Fac Low Low Dat Pro Fac Was Fac Upp Upp Zhi Pro Fac Was Fac Upp Total 20321 | 57 467 1270 905 736 3163 486 537 1249 484 1654 500 616 84 304 830 324 1761 474 330 197 243 620 85 2731 214 Wait 2191 | . 15 297 101 119 376 33 83 236 37 92 12 173 9 70 57 52 170 52 5 5 . 10 . 187 . Move 16250 | 35 385 817 593 463 2404 447 441 987 420 1412 455 417 75 224 724 269 1438 405 304 165 239 521 84 2340 186 Hop 16 | . . . . . . . . . . 1 . . . . . . 1 . . . . 2 . 12 . Pick Up 196 | 11 12 15 34 10 45 . 4 4 1 7 1 1 . 1 4 . 10 3 1 3 . 11 1 15 2 Fast Attach 122 | 1 10 7 7 13 10 2 . 5 . 8 2 5 . . 4 1 27 . 2 5 . 2 . 11 . Attach 137 | 6 . 10 25 5 29 . 4 . . 6 3 2 . . 2 . 4 3 1 2 . 15 . 16 4 Detach 22 | . . . 3 . . . . 1 . 3 2 1 . . . . 2 . . . . 3 . 6 1 Swap 98 | 1 4 9 4 13 22 . . . 2 8 . 1 . . 4 . 11 1 2 1 . 4 . 11 . Drop 166 | 2 6 9 12 14 28 2 . 9 1 13 2 1 . 1 3 1 30 . 2 7 . 2 . 21 . Fire 607 | 1 32 106 126 99 233 . . . 3 . 2 . . . . . 5 . . . . . . . . Melee 439 | . 3 . . . 15 2 5 7 20 66 21 15 . 8 27 1 57 10 13 9 4 38 . 97 21 Ram 1 | . . . . . . . . . . . . . . . . . . . . . . . . 1 . Kick . | . . . . . . . . . . . . . . . . . . . . . . . . . . Crush 1 | . . . . . 1 . . . . . . . . . . . . . . . . . . . . Escape Stasis 11 | . . . . . . . . . . . . . . . . . . . . . . . . 11 . Rewire . | . . . . . . . . . . . . . . . . . . . . . . . . . . Trap 64 | . . . . . . . . . . 38 . . . . 5 . 6 . . . . 12 . 3 . Miscellaneous . | . . . . . . . . . . . . . . . . . . . . . . . . . . Route ------- -11/Scrapyard -10/Materials (discovered 2 exits: *Mat x2) -9/Materials (discovered 3 exits: *Mat / [*Min x2]) -8/Materials -8/Storage -7/Factory (discovered 4 exits: *Fac x3 / *Low) -7/Lower Caves -7/Lower Caves (discovered 2 exits: *Zio / *Fac) -7/Zion -6/Proximity Caves -6/Factory (discovered 4 exits: *Low x2 / Ext x2) -6/Lower Caves -6/Lower Caves (discovered 2 exits: *Fac / *Dat) -6/Data Miner -5/Proximity Caves -5/Factory -5/Waste -5/Factory (discovered 2 exits: *Upp x2) -5/Upper Caves -5/Upper Caves (discovered 2 exits: *Fac / *Zhi) -5/Zhirov -4/Proximity Caves -4/Factory (discovered 6 exits: *Res x4 / *Upp x2) -4/Waste -4/Factory (discovered 6 exits: *Res x4 / *Upp x2) -4/Upper Caves History --------- Turn | Location | Event 9 | -11/Scrapyard | Discovered new exit (range 15) 69 | -11/Scrapyard | Entered Materials 217 | -10/Materials | Discovered new exit (range 3) 308 | -10/Materials | Build established: Mutant 368 | -10/Materials | Discovered new exit (range 14) 838 | -10/Materials | Entered another Materials area 838 | -9/Materials | Evolved 2 slots: Propulsion x2 879 | -9/Materials | Repaired Lgt. Treads 906 | -9/Materials | Repaired Lgt. Treads 989 | -9/Materials | Discovered new exit (range 14) 1474 | -9/Materials | Lost 6 parts (1p4n1w) 1806 | -9/Materials | Discovered new exit (range 14) 2021 | -9/Materials | Core integrity fell below 50% 2410 | -9/Materials | Build established: Scavenger-Mutant 2810 | -9/Materials | Discovered new exit (range 8) 2824 | -9/Materials | Entered another Materials area 2824 | -8/Materials | Evolved 2 slots: Utility x2 3135 | -8/Materials | Destroyed 8 combat bots 3160 | -8/Materials | Lost 7 parts (4n2u1w) 3208 | -8/Materials | Lost 4 parts (2n2w) 3964 | -8/Materials | Repaired Hvy. Ion Engine 4201 | -8/Materials | Garrison activated, responded to threat 4211 | -8/Materials | Discovered new exit (range 5) 4231 | -8/Materials | Core integrity fell below 50% 4275 | -8/Materials | Lost 10 parts (2p5n1u2w) 4280 | -8/Materials | Found Prototype Device 4285 | -8/Materials | Identified exit to Storage 4344 | -8/Materials | Entered Storage 4496 | -8/Storage | Repaired Enh. Autogun 4600 | -8/Storage | Garrison activated, responded to threat 5028 | -8/Storage | Garrison activated, responded to threat 5144 | -8/Storage | First assault squad dispatched 5194 | -8/Storage | Core integrity fell below 20% 5222 | -8/Storage | Lost 4 parts (1p1n2u) 5289 | -8/Storage | System corruption reached 10% 5460 | -8/Storage | Discovered new exit (range 16) 5543 | -8/Storage | Entered Factory 5543 | -7/Factory | Evolved 2 slots: Propulsion x1, Utility x1 5565 | -7/Factory | Build established: Mutant 5731 | -7/Factory | Identified Active Sensor Suite 6094 | -7/Factory | Build established: Hacker-Mutant 6906 | -7/Factory | Repaired Adv. Assault Cannon 7045 | -7/Factory | Discovered new exit (range 13) 7841 | -7/Factory | Repaired Broken Imp. Heavy Laser 8601 | -7/Factory | Fabricated Cld. VTOL Module? 8742 | -7/Factory | Fabricated Cld. VTOL Module? 8743 | -7/Factory | First assault squad dispatched 8980 | -7/Factory | Discovered new exit (range 11) 9125 | -7/Factory | Fabricated Cld. VTOL Module (x1) 9344 | -7/Factory | Core integrity fell below 50% 9369 | -7/Factory | Fabricated Cld. VTOL Module? 9421 | -7/Factory | Discovered new exit (range 14) 9865 | -7/Factory | Fabricated Cld. VTOL Module (x1) 9955 | -7/Factory | Identified exit to Factory 10025 | -7/Factory | Discovered exit to Factory (range 16) 10069 | -7/Factory | Identified exit to Lower Caves 10069 | -7/Factory | Entered Lower Caves 10129 | -7/Lower Caves | Found Alien Artifact 10129 | -7/Lower Caves | Identified Core Expander 10129 | -7/Lower Caves | Installed Core Expander, added new Utility slot 10166 | -7/Lower Caves | Encountered a Warlord checkpoint 10211 | -7/Lower Caves | Discovered new exit (range 10) 10213 | -7/Lower Caves | Identified exit to Lower Caves 10215 | -7/Lower Caves | Entered another Lower Caves area 10216 | -7/Lower Caves | 99-TNT showed up to help 10217 | -7/Lower Caves | Core integrity fell below 20% 10218 | -7/Lower Caves | 99-TNT revealed a hidden path 10293 | -7/Lower Caves | Build established: Machinist-Scout 10352 | -7/Lower Caves | Spotted B-75 Beast 10426 | -7/Lower Caves | Discovered new exit (range 9) 10432 | -7/Lower Caves | Identified exit to Zion 10475 | -7/Lower Caves | Entered Zion 10496 | -7/Zion | Discovered new exit (range 10) 10568 | -7/Zion | Learned location of Warlord (-4) 10576 | -7/Zion | Given A8's code to call for help 10584 | -7/Zion | Gained Derelict followers 10603 | -7/Zion | Found Prototype Launcher 10603 | -7/Zion | Identified Rocket Array 10680 | -7/Zion | Learned location of Quarantine (-2) 10780 | -7/Zion | Given the Hacking Drone Bay 10803 | -7/Zion | Acquired unknown access codes intercepted by a Zionite 10878 | -7/Zion | Identified exit to Proximity Caves 10966 | -7/Zion | Entered Proximity Caves 10966 | -6/Proximity Caves | Accompanied by 3 allies 11074 | -6/Proximity Caves | Learned Factory garrison access intel 11149 | -6/Proximity Caves | Discovered exit to Factory (range 7) 11151 | -6/Proximity Caves | Entered Factory 11151 | -6/Factory | Evolved 2 slots: Power x1, Propulsion x1 11152 | -6/Factory | Identified exit to Lower Caves 11153 | -6/Factory | Loaded intel: 4 garrison access locations 11166 | -6/Factory | Garrison activated, responded to threat 11325 | -6/Factory | Fabricated Nuclear Pulse Thruster (x2) 11466 | -6/Factory | Identified exit to Extension 11501 | -6/Factory | Search patrols dispatched 11647 | -6/Factory | Fabricated Imp. Hacking Suite? 11784 | -6/Factory | Crushed by falling debris 11784 | -6/Factory | System corruption reached 10% 11815 | -6/Factory | Lost 5 parts (1p3n1u) 11818 | -6/Factory | Entered Lower Caves 12001 | -6/Lower Caves | Learned Factory stockpile data 12072 | -6/Lower Caves | Learned location of Extension (-6) 12074 | -6/Lower Caves | Build established: Assassin 12117 | -6/Lower Caves | Learned 8 Factory zone layouts 12379 | -6/Lower Caves | Discovered new exit (range 5) 12384 | -6/Lower Caves | Identified exit to Lower Caves 12393 | -6/Lower Caves | Entered another Lower Caves area 12401 | -6/Lower Caves | Discovered new exit (range 5) 12405 | -6/Lower Caves | Identified exit to Factory 12715 | -6/Lower Caves | Encountered a Warlord checkpoint 12793 | -6/Lower Caves | Acquired the password to a Derelict Tinkerer's latest research 12899 | -6/Lower Caves | Discovered new exit (range 8) 12907 | -6/Lower Caves | Identified exit to Data Miner 12907 | -6/Lower Caves | Entered Data Miner 12907 | -6/Data Miner | Discovered new exit (range 6) 12915 | -6/Data Miner | Met Data Miner 12922 | -6/Data Miner | Acquired the access code to Warlord's prototype stash 12922 | -6/Data Miner | Learned location of Section 7 (-2) 12929 | -6/Data Miner | Received God Mode back door access code from Data Miner 12938 | -6/Data Miner | Identified exit to Proximity Caves 12946 | -6/Data Miner | Build established: Trapper-Scout 12947 | -6/Data Miner | Entered Proximity Caves 12978 | -5/Proximity Caves | Learned Factory terminal intel 13125 | -5/Proximity Caves | Discovered exit to Factory (range 5) 13126 | -5/Proximity Caves | Entered Factory 13126 | -5/Factory | Evolved 2 slots: Utility x2 13127 | -5/Factory | Identified exit to Factory 13129 | -5/Factory | Loaded intel: 25 terminal locations 13189 | -5/Factory | Repaired Broken Cld. VTOL Module? 13254 | -5/Factory | Fabricated Imp. Hacking Suite? 13426 | -5/Factory | Search patrols dispatched 13451 | -5/Factory | Build established: Derelict-Scout 13477 | -5/Factory | Repaired Mak. Sword 13521 | -5/Factory | Manually triggered Chute Trap 13521 | -5/Factory | Sucked down chute 13521 | -5/Factory | Entered Waste 13522 | -5/Waste | Met a frightened Derelict 13524 | -5/Waste | Spotted C-40 Crusher 13531 | -5/Waste | Warlord forces began an assault 13551 | -5/Waste | Spotted C-40 Crusher 13560 | -5/Waste | Allies destroyed C-40 Crusher 13565 | -5/Waste | Allies destroyed C-40 Crusher 13570 | -5/Waste | Spotted C-40 Crusher 13582 | -5/Waste | Spotted C-40 Crusher 13590 | -5/Waste | Allies destroyed C-40 Crusher 13607 | -5/Waste | Spotted C-40 Crusher 13607 | -5/Waste | Spotted C-40 Crusher 13622 | -5/Waste | Allies destroyed C-40 Crusher 13631 | -5/Waste | Allies destroyed C-40 Crusher 13636 | -5/Waste | Discovered new exit (range 15) 13650 | -5/Waste | Identified exit to Factory 13659 | -5/Waste | Lost 8 allies 13672 | -5/Waste | Entered Factory 13672 | -5/Factory | Accompanied by 11 allies 13788 | -5/Factory | Repaired Mak. Power Source 13930 | -5/Factory | Fabricated Cld. Nuclear Pulse Thruster (x1) 13948 | -5/Factory | Identified exit to Upper Caves 14067 | -5/Factory | Build established: Hacker-Scout 14072 | -5/Factory | Lost 4 allies 14234 | -5/Factory | Spotted B-75 Beast 14237 | -5/Factory | Allied Derelicts emerged from ambush trap array 14241 | -5/Factory | Garrison activated, responded to threat 14285 | -5/Factory | Lost 5 parts (2p2n1u) 14439 | -5/Factory | Entered Upper Caves 14462 | -5/Upper Caves | Build established: Hacker-Sprinter 14509 | -5/Upper Caves | Attracted the attention of an 0b10 checkpoint 14585 | -5/Upper Caves | Encountered a Warlord checkpoint 14599 | -5/Upper Caves | Discovered new exit (range 32) 14641 | -5/Upper Caves | Entered another Upper Caves area 14641 | -5/Upper Caves | Accompanied by 2 allies 14642 | -5/Upper Caves | Discovered exit to Factory (range 10) 14677 | -5/Upper Caves | Lost 3 allies 14709 | -5/Upper Caves | Learned 4 Factory zone layouts 14756 | -5/Upper Caves | Discovered new exit (range 13) 14771 | -5/Upper Caves | Attracted the attention of an 0b10 checkpoint 14771 | -5/Upper Caves | Entered Zhirov 14771 | -5/Zhirov | Discovered new exit (range 3) 14777 | -5/Zhirov | Met Zhirov 14783 | -5/Zhirov | Learned location of Command (-1) 14783 | -5/Zhirov | Learned location of Testing (-3) 14788 | -5/Zhirov | Zhirov requested help retrieving the SGEMP Prototype 14793 | -5/Zhirov | Found Alien Artifact 14793 | -5/Zhirov | Identified Integrated Reactor 14793 | -5/Zhirov | Installed Integrated Reactor, increased core energy generation (+10) 14861 | -5/Zhirov | Entered Proximity Caves 14935 | -4/Proximity Caves | Discovered exit to Factory (range 16) 14941 | -4/Proximity Caves | Entered Factory 14941 | -4/Factory | Evolved 2 slots: Utility x2 14947 | -4/Factory | Identified exit to Upper Caves 15133 | -4/Factory | Lost 6 parts (2p3n1w) 15200 | -4/Factory | Identified exit to Research 15226 | -4/Factory | Manually triggered Chute Trap 15226 | -4/Factory | Sucked down chute 15226 | -4/Factory | Entered Waste 15231 | -4/Waste | Spotted C-40 Crusher 15233 | -4/Waste | Spotted C-40 Crusher 15236 | -4/Waste | Spotted C-40 Crusher 15236 | -4/Waste | Spotted C-40 Crusher 15240 | -4/Waste | Spotted C-40 Crusher 15241 | -4/Waste | Discovered new exit (range 10) 15244 | -4/Waste | Identified exit to Factory 15244 | -4/Waste | Entered Factory 15453 | -4/Factory | Fabricated Assault Drone Bay? 15717 | -4/Factory | Fabricated Imp. Hacking Suite? 15733 | -4/Factory | Lost 4 parts (2p1u1w) 15749 | -4/Factory | Build established: Hacker-Scout 16020 | -4/Factory | Search patrols dispatched 16157 | -4/Factory | Crushed by falling debris 16243 | -4/Factory | Repaired Cld. Nuclear Pulse Thruster? 16247 | -4/Factory | Spotted B-86 Titan 16261 | -4/Factory | Core integrity fell below 50% 16273 | -4/Factory | Search patrols dispatched 16306 | -4/Factory | Lost 4 parts (2p2u) 16440 | -4/Factory | Entered Upper Caves 16442 | -4/Upper Caves | Core integrity fell below 20% 16446 | -4/Upper Caves | Lost 5 parts (1p4n) 16477 | -4/Upper Caves | System corruption reached 10% 16516 | -4/Upper Caves | Lost 3 parts (3n) 16557 | -4/Upper Caves | Build established: Hacker-Mutant 16600 | -4/Upper Caves | Destroyed by S-27 Virus with Autogun Last Messages --------------- 16565_ Acquired 3 matter. 16567_ Imp. System Restoration Module purges 1% system corruption (7%). 16573_ Imp. System Restoration Module purges 1% system corruption (6%). 16589_ Imp. System Restoration Module purges 1% system corruption (5%). 16590_ Imp. Hacking Suite destroyed. 16590_ P-70 Sage suffers critical hit (Smash). 16590_ Destroyed Imp. Target Analyzer. 16590_ Destroyed Imp. Heat Sink. 16590_ P-70 Sage system corrupted by crushing effect. 16590_ P-70 Sage knocked back. 16593_ PI7#&WOQ1UNN||R,NKRQTL|P WNWG30KSP9& 16593_ P-70 Sage IFF system glitched. 16594_ Destroyed Antigrav System. 16594_ P-70 Sage system corrupted by crushing effect. 16599_ Imp. System Restoration Module destroyed. Map ----- +----------------------------------------------------+ | ?????????????????????# #???????????????????????? | | ????????????????????## ##??????????????????????? | | ??????????????????## ##?????????????????????? | | ??????????####?# #########?????????????? | | # ???????#"""## #?????????????? | | ?? ????????#""" #????????????? | | ????? ????????#""" # ######## #??????????? | | ??????????????#""" ## #???????????#??????????? | | ???????????????"""## ## #??????????????????????? | | ???????????????###?## ##??????????????????????? | | ??????????????????## ##???????????????????????? | | ??????????????????# ##????????????????????????? | | ??????????????????# #?????????????????????????? | | ????????????????### #?????????????????????????? | | ????????????????# ##????????????????????????? | | ????????????????## ##???????????????????????? | | ?????????????????# ##??????????????????????? | | ?????????????????## ########### ???????????? | | ??????????????????### $ ???????????? | | ????????????????????# ???????????? | | ????????????????????# ### ???????????? | | ????????????????????# ##?????????????????? | | ????????????????????## #??????????????????? | | ?????????????????????### ###??????????????????? | | ???????????????????????# ##????????????????????? | | ???????????????????????# @##?????????????????????? | | ???????????????????????#ps#??????????????????????? | | ???????????????????????# ??????????????????????? | | ??????????????????????? ?????????????????????? | | ?????????????????????? s?????????????????????? | | ?????????????????????###% ????????????????????? | | ???????????????????????## s ???????????????????? | | ????????????????????????#s s ???????????????????? | | ????????????????????????# ### ??????????????????? | | ????????????????????????? #?? ??????????????????? | | ????????????????????????? ?? ??????????????????? | | ????????????????????????? ??? ??????????????????? | | ????????????????????????? ???##?????????????????? | | ????????????????????????? ??????????????????????? | | ????????????????????????? ???????????????????????? | | ?????????????????????????#???????????????????????? | | ?????????????????????????????????????????????????? | | ?????????????????????????????????????????????????? | | ?????????????????????????????????????????????????? | | ?????????????????????????????????????????????????? | | ?????????????????????????????????????????????????? | | ?????????????????????????????????????????????????? | | ?????????????????????????????????????????????????? | | ?????????????????????????????????????????????????? | | ?????????????????????????????????????????????????? | +----------------------------------------------------+ Best States ------------- Heat Dissipation 61 Energy Generation 41 Energy Capacity 280 Matter Stores 300 Matter Capacity 300 Sight Range 16 Robot Scan Range 20 Terrain Scan Range 20 Terrain Scan Density 410 Jamming Range 14 Power Amplification 20 EM Shielding 2 Corruption Containment 8 Armor Coverage 600 Core Shielding 30 Evasion (%) 76 Targeting Accuracy 8 Melee Accuracy 8 Target Analysis 6 Recoil Reduction 5 Offensive Hacking 30 Defensive Hacking 25 Authchip Count 2 Trap Extractor Capacity 8 Item Schematics ----------------- Hacking Suite | -8/Storage | Hacked System Shield | -8/Storage | Hacked Cld. VTOL Module | -7/Factory | Hacked Imp. Hacking Suite | -6/Factory | Hacked Imp. System Shield | -6/Factory | Hacked Cld. Nuclear Pulse Thruster | -6/Data Miner | Free Lgt. Regenerative Plating | -6/Data Miner | Free Combat Drone Bay | -6/Data Miner | Free Cld. Plasma Rifle | -6/Data Miner | Free Field Propulsion Array | -6/Data Miner | Free Dispersion Rifle | -6/Data Miner | Free Adv. Transmission Jammer | -6/Data Miner | Free Adv. Heavy Treads | -6/Data Miner | Free Adv. Remote Datajack | -6/Data Miner | Free Imp. Gyrokinetic Inverter | -6/Data Miner | Free Point Defense System | -6/Data Miner | Free Adv. Trap Scanner | -6/Data Miner | Free Prc. Energy Filter | -6/Data Miner | Free Exp. Heat Sink | -5/Zhirov | Free Exp. Optical Array | -5/Zhirov | Free Imp. Arc Thrower | -5/Zhirov | Free Assault Drone Bay | -5/Zhirov | Free Force Lance | -4/Factory | Hacked Robot Schematics ------------------ A-15 Conveyor | -6/Data Miner | Free E-15 Imp | -6/Data Miner | Free B-60 Warrior | -6/Data Miner | Free M-30 Cleanser | -6/Data Miner | Free L-41 Fighter | -6/Data Miner | Free Fabricated ------------ Cld. VTOL Module | x1 | -7/Factory | Authchip Cld. VTOL Module | x1 | -7/Factory | Authchip Cld. VTOL Module | x1 | -7/Factory Cld. VTOL Module | x1 | -7/Factory Cld. VTOL Module | x1 | -7/Factory Nuclear Pulse Thruster | x2 | -6/Factory | Preloaded Imp. Hacking Suite | x1 | -6/Factory | Authchip Imp. Hacking Suite | x1 | -5/Factory Cld. Nuclear Pulse Thruster | x1 | -5/Factory Assault Drone Bay | x1 | -4/Factory Imp. Hacking Suite | x1 | -4/Factory Alien Tech Used ----------------- Core Expander Integrated Reactor Achievements -------------- Production Line Watch This! Wheee! Challenges ------------ None Game ------ Seed HeartCloakingHumpback Manual? 0 Play Time 04:11:52 Cumulative 152.2 hours Start 2024.04.21 @ 14:01:40 End 2024.04.22 @ 21:17:19 Sessions 2 Manual Loads 0 Difficulty Rogue Special Mode None Game No. 53 Rogue 39 Adventurer 14 Explorer 0 Win Type - Total 11 Types 9/0/0/1/0/0/0/0/1 Lore% 59 Gallery% 73 Achievement% 62 Wizard Run 0 Options --------- Layout 1 ASCII 0 Keyboard 0 Movement Mouse Keybinds 0 Fullscreen 1 Font 20/SmallcapsGlow Map View 50x35 Zoom Use 0% Tactical HUD 1 Map Filters NONE Filters NONE Steam 1 RUN: ed279091-953d-4ca5-bd02-4a63ba85faec